[Event "Early-Titled-Tuesday-Blitz-April-23-2024"]
[Site "Chess.com"]
[Date "2024.04.23"]
[Round "8"]
[White "m_ezat"]
[Black "Kiborg95"]
[Result "1-0"]
[WhiteElo "2640"]
[BlackElo "2827"]
[TimeControl "180+1"]
[EndTime "9:31:46 PDT"]
[Termination "m_ezat won by resignation"]

1. d4 d6 2. c4 e5 3. Nf3 e4 4.
Ng5 f5 5. h4 Be7 6. Nh3 Bxh4 7.
Nf4 Nh6 8. e3 Nf7 9. Qh5 Be7 10.
Nc3 c6 11. g4 g6 12. Qh2 Na6 13. a3 Nc7 14. gxf5 Bxf5 15. Bh3 Qd7 16. Nxe4 O-O-O 17. Ng3 Bxh3 18. Qxh3 Bg5 19. Nd3 Ne6 20. Ne4 Be7 21. d5 cxd5 22. cxd5 Nc5 23. Ndxc5 dxc5 24. Nc3 Bf6 25. e4 Qxh3 26. Rxh3 Rhe8 27. Kf1 Bxc3 28. Rxc3 Rxe4 29. Rxc5+ Kd7 30. Be3 b6 31. Rc6 Ne5 32. Rc3 Rf8 33. Rac1 Kd6 34. Bh6 Rf7 35. Rc8 Ng4 36.
Bf8+ Kxd5 37. Rd1+ Ke5 38. Re8+ Kf4 39. Bd6+ Kf3 40.
Rd3+ 1-0

[Event "Early-Titled-Tuesday-Blitz-April-23-2024"]
[Site "Chess.com"]
[Date "2024.04.23"]
[Round "8"]
[White "Hope_6"]
[Black "stratacticos"]
[Result "1-0"]
[WhiteElo "2635"]
[BlackElo "1864"]
[TimeControl "180+1"]
[EndTime "9:31:46 PDT"]
[Termination "Hope_6 won on time"]

1. d4 Nf6 2. c4 c5 3. d5 b5 4. cxb5 a6 5. bxa6 e6 6. Nc3 Nxd5 7. Nxd5 exd5 8. Qxd5 Nc6 9. Nf3 Be7 10. Bd2 O-O 11. e3 Qb6 12. Bc3 Bxa6 13. Bxa6 Qxa6 14. Qxd7 Rfd8 15. Qg4 g6 16. Qf4 Nb4 17. Bxb4 cxb4 18. Nd4 Bf6 19. Rd1 Bxd4 20. Rxd4 Rxd4 21. Qxd4 Qxa2 22. O-O Qe6 23. Qxb4 h5 24. h3 Rc8 25. Rd1 Kh7 26. Qd4 Rc4 27. Qd8 Rc2 28. b4 Qf5 29.
Qh4 Rb2 30. Rd4 1-0

[Event "Early-Titled-Tuesday-Blitz-April-23-2024"]
[Site "Chess.com"]
[Date "2024.04.23"]
[Round "8"]
[White "DeArron_Fox"]
[Black "vedantgoswami"]
[Result "0-1"]
[WhiteElo "2508"]
[BlackElo "2384"]
[TimeControl "180+1"]
[EndTime "9:31:47 PDT"]
[Termination "vedantgoswami won by resignation"]

1. d4 Nf6 2. c4 e6 3. Nf3 Bb4+ 4. Bd2 Qe7 5. g3 Nc6 6. a3 Bxd2+ 7. Qxd2 Ne4 8. Qc2 f5 9. Bg2 O-O 10. O-O d6 11. Nc3 Nxc3 12. Qxc3 e5 13. c5 e4 14.
cxd6 Qxd6 15. Ne5 Nxd4 16. Nc4 Nxe2+ 17. Kh1 Nxc3 18. Nxd6 cxd6 19. bxc3 Be6 20. f3 d5 21. c4 exf3 22. Bxf3 dxc4 23. Bxb7 Rab8 24. Bf3 Rb3 25.
Kg2 Rd8 26. Rfe1 Rd2+ 27. Re2 c3 28. Rxd2 cxd2 29. Kf2 Rxf3+ 30. Kxf3 Bb3 31. Ke2 d1=Q+ 32. Rxd1 Bxd1+ 33. Kxd1 Kf7 34. Kd2 Kf6 35. Kd3 g5 36. Kd4 h5 37. a4 f4 38. gxf4 gxf4 39. Ke4 Kg5 40. h3 a5 41. h4+ 0-1

[Event "Early-Titled-Tuesday-Blitz-April-23-2024"]
[Site "Chess.com"]
[Date "2024.04.23"]
[Round "8"]
[White "Juicy_Fork"]
[Black "HanSchut"]
[Result "1-0"]
[WhiteElo "2474"]
[BlackElo "2334"]
[TimeControl "180+1"]
[EndTime "9:31:47 PDT"]
[Termination "Juicy_Fork won on time"]

1. e4 c5 2. Nf3 d6 3. d4 cxd4 4. Nxd4 Nf6 5. Nc3 a6 6. Bd3 g6 7.
f3 Bg7 8. Be3 O-O 9. Qd2 Nc6 10.
O-O-O d5 11. exd5 Nxd5 12. Nxc6 bxc6 13. Nxd5 cxd5 14. c3 e5 15. h4 d4 16. cxd4 exd4 17.
Bg5 Qb6 18. h5 Rb8 19. b3 Be6 20. hxg6 Rfc8+ 21. Bc2 Bf5 22. gxf7+ Kxf7 23. Qf4 Rxc2+ 24. Kb1 Qg6 25. g4 d3 26. Rxd3 Rb2+ 27. Kc1 Rc8+ 28.
Kd1 1-0

[Event "Early-Titled-Tuesday-Blitz-April-23-2024"]
[Site "Chess.com"]
[Date "2024.04.23"]
[Round "8"]
[White "kacperkarwowski"]
[Black "Sadykov_Ramil"]
[Result "1-0"]
[WhiteElo "2518"]
[BlackElo "2616"]
[TimeControl "180+1"]
[EndTime "9:31:48 PDT"]
[Termination "kacperkarwowski won on time"]

1. e4 d5 2. exd5 Qxd5 3. Nc3 Qe5+ 4. Be2 Bg4 5. d4 Bxe2 6. Ngxe2 Qa5 7. O-O Nc6 8. Bf4 O-O-O 9. Qd3 g6 10. d5 Nf6 11.
Qh3+ Kb8 12. dxc6 bxc6 13. b4 Qf5 14. Qxf5 gxf5 15. Rad1 Bg7 16. Be5 Kb7 17. Nd4 e6 18.
Nb3 Rhg8 19. Na5+ Kb6 20. Bd4+ Rxd4 21. Rxd4 Ne4 22. Rxe4 fxe4 23. Nxe4 Rd8 24. a3 Kb5 25.
Nc5 Rd2 26. c4+ Kb6 27. Na4+ Ka6 28. Nxc6 Ra2 29. b5+ Kb7 30. Nc5+ Kc8 31. Rd1 Bf6 32. Ne4 Ra1 33. Rxa1 Bxa1 34. Nxa7+ Kb7 35. Nc6 Kb6 36. a4 f5 37. c5+ Kb7 38. Nd2 Bc3 39. Nb3 Kc8 40.
a5 Bb4 41. a6 1-0

[Event "Early-Titled-Tuesday-Blitz-April-23-2024"]
[Site "Chess.com"]
[Date "2024.04.23"]
[Round "8"]
[White "PeshkaCh"]
[Black "Susal_De_Silva"]
[Result "1-0"]
[WhiteElo "2873"]
[BlackElo "2690"]
[TimeControl "180+1"]
[EndTime "9:31:49 PDT"]
[Termination "PeshkaCh won by resignation"]

1. Nf3 Nf6 2. d4 e6 3. c4 b6 4. g4 Nxg4 5. e4 Bb7 6. Nc3 Nf6 7. e5 Ne4 8. Nxe4 Bxe4 9. Qe2 Bb4+ 10. Bd2 Bxd2+ 11.
Kxd2 Bb7 12. Rg1 g6 13. Bg2 Qe7 14. a3 Nc6 15. d5 Na5 16. Nd4 c5 17. Nb5 Nb3+ 18.
Kc3 Nxa1 19. Nd6+ Kf8 20. Qe3 exd5 21. cxd5 Qh4 22. Nxb7 Qd4+ 23. Qxd4 cxd4+ 24. Kd3 Nb3 25.
Nd6 Kg7 26. Kc4 Nc5 27. b4 Na6 28. Kxd4 Nc7 29. Bh3 Ne8 30. Nxe8+ Rhxe8 31. Bxd7 Re7 32. Bc6 Rd8 33. f4 f6 34. d6 Re6 35. Kd5 Ree8 36.
Bxe8 1-0

[Event "Early-Titled-Tuesday-Blitz-April-23-2024"]
[Site "Chess.com"]
[Date "2024.04.23"]
[Round "8"]
[White "Herzog2012"]
[Black "giovannibrandao7"]
[Result "0-1"]
[WhiteElo "2540"]
[BlackElo "2352"]
[TimeControl "180+1"]
[EndTime "9:31:50 PDT"]
[Termination "giovannibrandao7 won on time"]

1. e4 c5 2. Nf3 d6 3. d4 cxd4 4.
Nxd4 Nf6 5. Nc3 a6 6. Bg5 e6 7. f4 Be7 8. Qf3 Qc7 9. O-O-O h6 10. Bh4 Nbd7 11. Be2 b5 12. Qg3 b4 13. Nd5 exd5 14. Nf5 Bf8 15. Bf3 g6 16. e5 dxe5 17. fxe5 gxf5 18. Qf4 Ne4 19. Rxd5 Bb7 20. Rdd1 Qxe5 21.
Qe3 Bg7 22. c3 bxc3 23. Qd3 cxb2+ 24. Kb1 Nc3+ 25. Kc2 Nxd1 26. Re1 b1=Q+ 27. Kxb1 Be4 0-1

[Event "Early-Titled-Tuesday-Blitz-April-23-2024"]
[Site "Chess.com"]
[Date "2024.04.23"]
[Round "8"]
[White "briesmas"]
[Black "Kostukov_Alex"]
[Result "0-1"]
[WhiteElo "2195"]
[BlackElo "2345"]
[TimeControl "180+1"]
[EndTime "9:31:51 PDT"]
[Termination "Kostukov_Alex won on time"]

1. e4 c5 2. Nf3 g6 3. d4 cxd4 4. Nxd4 Bg7 5. Nc3 Nc6 6. Be3 Nf6 7. Bc4 Qa5 8. O-O Ng4 9. Nxc6 dxc6 10. Bd4 e5 11.
Be3 O-O 12. Bb3 Nxe3 13. fxe3 Qc7 14. Qf3 Qe7 15. Rad1 Be6 16. Rd3 Rae8 17. Rfd1 Rd8 18. Bxe6 fxe6 19. Qg4 Rxd3 20. Rxd3 Qf6 21. h3 Bh6 22. Kh2 Kh8 23. Qe2 Qf2 24. Qxf2 Rxf2 25. Rd8+ Kg7 26. Rd7+ Kg8 27. Rxb7 Bxe3 28. Kg3 Rxc2 29.
Kf3 Bd4 30. Ne2 Rxb2 31. Rd7 Rxa2 32. Rd6 c5 33. Rxe6 c4 34. Rd6 Ra3+ 0-1

[Event "Early-Titled-Tuesday-Blitz-April-23-2024"]
[Site "Chess.com"]
[Date "2024.04.23"]
[Round "8"]
[White "stepanosinovsky"]
[Black "LamaChampetre"]
[Result "1-0"]
[WhiteElo "2375"]
[BlackElo "2232"]
[TimeControl "180+1"]
[EndTime "9:31:52 PDT"]
[Termination "stepanosinovsky won on time"]

1. e4 c5 2. Nf3 g6 3. h4 Nc6 4. h5 Bg7 5. Nc3 Rb8 6. Bc4 e6 7. a4 Nge7 8. d3 d5 9. Bb3 Nd4 10. Ba2 b6 11. Bf4 Rb7 12. h6 Nxf3+ 13. Qxf3 Bxc3+ 14. bxc3 dxe4 15. dxe4 Rd7 16. Be5 Rg8 17. O-O Bb7 18. Rfd1 Nc6 19. Bf6 Qc7 20. Rxd7 Qxd7 21. Rd1 Qc7 22. Bc4 a6 23. Qd3 Ne7 24. Bxa6 Bc6 25. Bb5 Bxb5 26. Qxb5+ Qc6 27. Qa6 g5 28. Qa7 1-0

[Event "Early-Titled-Tuesday-Blitz-April-23-2024"]
[Site "Chess.com"]
[Date "2024.04.23"]
[Round "8"]
[White "Oleksandr_Bortnyk"]
[Black "HansOnTwitch"]
[Result "1-0"]
[WhiteElo "3128"]
[BlackElo "3220"]
[TimeControl "180+1"]
[EndTime "9:31:53 PDT"]
[Termination "Oleksandr_Bortnyk won on time"]

1. e4 c5 2. Be2 Nc6 3. d3 g6 4. f4 Bg7 5. Nf3 d5 6. c3 Bg4 7. Qb3 dxe4 8. Ng5 Nh6 9. Bxg4 O-O 10.
Qxb7 Na5 11. Qd7 Qb6 12. Be2 Rad8 13. Qh3 exd3 14. Bxd3 c4 15. Bc2 e5 16. f5 e4 17.
Qe3 Qc7 18. O-O Nxf5 19. Qh3 h6 20. Nxe4 Rfe8 21. Kh1 Qb6 22. Qf3 Nc6 23. Na3 Ne5 24. Qf2 Qc6 25. Bf4 Nd3 26. Bxd3 cxd3 27. Ng3 Nxg3+ 28.
Bxg3 f5 29. Qf3 Qxf3 30. gxf3 Re2 31. Rf2 Rde8 32. Rd1 R2e3 33. Nc4 Re1+ 34. Rxe1 Rxe1+ 35. Kg2 g5 36. Rd2 Rb1 37. Rxd3 f4 38. Bf2 1-0

[Event "Early-Titled-Tuesday-Blitz-April-23-2024"]
[Site "Chess.com"]
[Date "2024.04.23"]
[Round "8"]
[White "Hamisandwich"]
[Black "jaskol95"]
[Result "0-1"]
[WhiteElo "2710"]
[BlackElo "2568"]
[TimeControl "180+1"]
[EndTime "9:31:53 PDT"]
[Termination "jaskol95 won by resignation"]

1. a3 d5 2. e3 Nf6 3. Nf3 Bf5 4. d4 e6 5. Bd3 Bg6 6. Ne5 c6 7. O-O Nbd7 8. f4 Nxe5 9. fxe5 Ne4 10. Nd2 Nxd2 11.
Bxd2 Bxd3 12. cxd3 Be7 13. Qh5 O-O 14. Rf3 g6 15.
Qg4 c5 16. dxc5 Bxc5 17. d4 Be7 18. Raf1 Rc8 19. Rxf7 Qd7 20. Qf3 Rfe8 21. Qh3 h5 22.
Qg3 g5 23. Qf3 g4 24. Qf4 Rf8 25. h3 Qe8 26. Rxf8+ Qxf8 27. hxg4 Qxf4 28. Rxf4 Rc2 29. Bc3 hxg4 30. Rxg4+ Kf7 31. Rf4+ Ke8 32. a4 Ba3 33. Rf2 Rc1+ 34. Kh2 Be7 35. Kg3 b6 36. Kg4 Ra1 37. Kf4 Rxa4 38. e4 dxe4 39. Kxe4 Ra1 40. d5 Ra4+ 41.
Bd4 Rxd4+ 42. Kxd4 Bc5+ 43. Kc4 Bxf2 44. dxe6 Ke7 45. Kd5 Bg3 46. b4 b5 47. Kc6 Bxe5 48.
Kxb5 Kxe6 49. Ka6 Bd4 50. b5 Bb6 51. Kb7 Kf5 52. Ka6 Kg4 0-1

[Event "Early-Titled-Tuesday-Blitz-April-23-2024"]
[Site "Chess.com"]
[Date "2024.04.23"]
[Round "8"]
[White "MrVenky"]
[Black "NikitaShnadrygin"]
[Result "0-1"]
[WhiteElo "2540"]
[BlackElo "2697"]
[TimeControl "180+1"]
[EndTime "9:31:53 PDT"]
[Termination "NikitaShnadrygin won by resignation"]

1. e4 c5 2. Nc3 e6 3. Nge2 Nc6 4.
g3 d5 5. d3 Nf6 6. Bg2 Be7 7. O-O O-O 8. f4 dxe4 9. Nxe4 Nd5 10. Kh1 Qc7 11. g4 Rd8 12. N2g3 f5 13. gxf5 exf5 14.
Ng5 Bxg5 15. fxg5 g6 16. c3 Be6 17. Re1 Bf7 18. Qf3 Rd7 19. Bd2 Rad8 20. d4 cxd4 21.
c4 Ndb4 22. Bf4 Qb6 23. Rec1 d3 24. Be3 Qa6 25. b3 d2 26. Rd1 Nc2 27. Rab1 Ne5 28.
Qe2 Nxe3 29. Qxe3 Ng4 30. Qf4 Qb6 31. Ne4 fxe4 32. Qxg4 e3 33. Rf1 Qd4 34. Qf3 Qe5 35. h4 e2 0-1

[Event "Early-Titled-Tuesday-Blitz-April-23-2024"]
[Site "Chess.com"]
[Date "2024.04.23"]
[Round "8"]
[White "MarlonJodar"]
[Black "Schattman"]
[Result "0-1"]
[WhiteElo "2283"]
[BlackElo "2462"]
[TimeControl "180+1"]
[EndTime "9:31:55 PDT"]
[Termination "Schattman won on time"]

1. e4 c5 2. Nf3 g6 3. d4 cxd4 4. Nxd4 Nf6 5. Nc3 Nc6 6. Nxc6 bxc6 7. e5 Nd5 8. Nxd5 cxd5 9. Qxd5 Rb8 10. Bc4 e6 11.
Qd4 Qc7 12. Bb3 Rb4 13. c4 Bc5 14. Qf4 f5 15. O-O O-O 16. Bd2 Rb8 17. Bc3 Bb7 18. Rad1 Bc6 19. h4 h5 20. Qh6 Rf7 21. Qxg6+ Rg7 22.
Qxg7+ Kxg7 23. Rd3 f4 24. Rfd1 Kh8 25. Kf1 Rg8 26.
f3 a5 27. Re1 a4 28. Bc2 Qb6 29. Bd2 Rf8 30. b4 axb3 31. Rxb3 Qa7 32. Reb1 Qxa2 33.
R1b2 Qa1+ 34. Ke2 Bd4 35. Rb1 Qa6 36. Bd3 Rg8 37. Bxf4 Rxg2+ 38. Kf1 Rf2+ 39. Ke1 Qa5+ 40. Rb4 Bc5 0-1

[Event "Early-Titled-Tuesday-Blitz-April-23-2024"]
[Site "Chess.com"]
[Date "2024.04.23"]
[Round "8"]
[White "MatyChess1"]
[Black "alexrustemov"]
[Result "1-0"]
[WhiteElo "2707"]
[BlackElo "2861"]
[TimeControl "180+1"]
[EndTime "9:31:56 PDT"]
[Termination "MatyChess1 won on time"]

1. Nf3 d5 2. g3 c6 3. Bg2 Bf5 4. d3 e6 5. O-O Nf6 6. c4 dxc4 7. dxc4 Qxd1 8. Rxd1 Bc2 9. Rd2 Bg6 10. Rd1 a5 11. Nc3 Nbd7 12. Nd4 Nc5 13. Nxc6 Nfd7 14. Nb5 Rc8 15. Nxa5 b6 16. Nc6 Be4 17. Nca7 Rb8 18. Nc7+ Kd8 19. Ncb5 Rb7 20. Nc6+ Kc8 21. Bf4 f6 22.
Nba7+ Rxa7 23. Nxa7+ Kb7 24. Nb5 Kc8 25. Na7+ Kb7 26. Bxe4+ Kxa7 27. Bg2 e5 28. Be3 Nb8 29. Rd8 g6 30. Rad1 Bg7 31. Rxh8 Bxh8 32. b4 Nca6 33. a3 f5 34. Rd8 Bf6 35. Rf8 Be7 36. Rf7 1-0

[Event "Early-Titled-Tuesday-Blitz-April-23-2024"]
[Site "Chess.com"]
[Date "2024.04.23"]
[Round "8"]
[White "ViIIagra"]
[Black "TanitoluwaAps116"]
[Result "1-0"]
[WhiteElo "2935"]
[BlackElo "2785"]
[TimeControl "180+1"]
[EndTime "9:31:57 PDT"]
[Termination "ViIIagra won by resignation"]

1. g3 d5 2. Bg2 Nf6 3. d3 e5 4.
Nf3 Nc6 5. O-O Bc5 6. Nxe5 Bxf2+ 7. Rxf2 Nxe5 8. h3 Be6 9. d4 Ned7 10. Nc3 O-O 11. g4 c6 12. Bf4 Re8 13. Qd3 h6 14. Raf1 Qe7 15. a3 Rad8 16. Qg3 Nh7 17. Bc7 Rc8 18.
Bd6 Qg5 19. Bf4 Qe7 20. h4 Ndf6 21. Bf3 Ne4 22. Nxe4 dxe4 23. Bxe4 Bd5 24. Bd3 Nf8 25. g5 h5 26. c4 Be4 27. Be5 Bxd3 28.
exd3 Ng6 29. Rxf7 Qxf7 30. Rxf7 Kxf7 31. Qf3+ Kg8 32. Qe4 Re6 33. Qf5 Rce8 34. Bg3 Kh7 35. Qf3 Re3 36. Qxh5+ Kg8 37. Be5 Nxe5 38. Qxe8+ Kh7 39.
dxe5 1-0

[Event "Early-Titled-Tuesday-Blitz-April-23-2024"]
[Site "Chess.com"]
[Date "2024.04.23"]
[Round "8"]
[White "KhazhatulyAlikhan"]
[Black "Nf3c5"]
[Result "1-0"]
[WhiteElo "2493"]
[BlackElo "2640"]
[TimeControl "180+1"]
[EndTime "9:31:57 PDT"]
[Termination "KhazhatulyAlikhan won on time"]

1. e4 c5 2. Nf3 Nc6 3. d4 cxd4 4. Nxd4 e5 5. Nb5 d6 6. N1c3 a6 7. Na3 Be6 8. Nc4 Rb8 9. g3 h5 10. Ne3 h4 11. g4 h3 12. Rg1 Rc8 13. Rg3 Nd4 14.
Ncd5 Bxd5 15. exd5 Nf6 16. c3 Nb5 17. a4 Nc7 18. a5 g6 19. g5 Nd7 20. Nc4 Be7 21. Rxh3 O-O 22. Nb6 Nxb6 23. axb6 Nb5 24. Qg4 Kg7 25. Be3 Rh8 26. Rxh8 Qxh8 27. h4 Qd8 28.
Bd3 Rc5 29. h5 Rxd5 30. Be4 Rc5 31. hxg6 fxg6 32. Qe6 Qe8 33. Bxc5 dxc5 34. Qxe5+ 1-0

[Event "Early-Titled-Tuesday-Blitz-April-23-2024"]
[Site "Chess.com"]
[Date "2024.04.23"]
[Round "8"]
[White "Msb2"]
[Black "LawrenceTrent"]
[Result "1-0"]
[WhiteElo "3052"]
[BlackElo "2714"]
[TimeControl "180+1"]
[EndTime "9:32:00 PDT"]
[Termination "Msb2 won by resignation"]

1. d4 Nf6 2. c4 g6 3. Nc3 Bg7 4. e4 O-O 5. Nf3 c6 6. Be2 d5 7. e5 Ne4 8. O-O Bf5 9. Be3 Nd7 10. Bd3 Nxc3 11. bxc3 Bxd3 12. Qxd3 dxc4 13. Qxc4 Nb6 14. Qb3 Qd5 15. Rab1 f6 16. e6 Rfd8 17. Rfe1 Qxb3 18. axb3 Nd5 19. Bd2 Nc7 20. c4 f5 21.
Bf4 Ne8 22. Red1 a5 23. h3 b5 24. Be5 a4 25. bxa4 bxc4 26. Rb7 Bxe5 27. Nxe5 Rd6 28. Rxe7 c3 29. Rc1 Rxd4 30. Rxc3 Re4 31. Nxc6 Ng7 32. a5 Rxe6 33. Rxe6 Nxe6 34. Ra3 Nc5 35. Nb4 Kf7 36. a6 Ke6 37. a7 Kd6 38. Ra5 Nd7 39. Kh2 Ne5 40. Kg3 Nc4 41. Rd5+ Kc7 42. Rc5+ 1-0

[Event "Early-Titled-Tuesday-Blitz-April-23-2024"]
[Site "Chess.com"]
[Date "2024.04.23"]
[Round "8"]
[White "lucasran"]
[Black "Jojo_898"]
[Result "0-1"]
[WhiteElo "2592"]
[BlackElo "2448"]
[TimeControl "180+1"]
[EndTime "9:32:00 PDT"]
[Termination "Jojo_898 won by checkmate"]

1. e4 d6 2. d4 Nf6 3. Nc3 g6 4. Nf3 c6 5. a4 Bg7 6. Be2 O-O 7. O-O Nbd7 8. h3 e5 9. Be3 Qe7 10. Re1 Rd8 11. Nd2 Nf8 12. Nc4 Ne6 13. d5 Nc7 14. a5 cxd5 15. exd5 Bd7 16. b4 Nb5 17. Nxb5 Bxb5 18. Na3 Bxe2 19. Rxe2 Ne4 20. Qd3 f5 21. c4 Qh4 22. Rc1 Ng5 23. Bxg5 Qxg5 24.
Rd1 e4 25. Qe3 Qh5 26. c5 Bh6 27. g4 fxg4 28. Qxe4 gxh3 29. Kh1 Re8 30. Qxe8+ Rxe8 31. Rxe8+ Kf7 32. Rde1 Qf3+ 33. Kh2 Qg2# 0-1

[Event "Early-Titled-Tuesday-Blitz-April-23-2024"]
[Site "Chess.com"]
[Date "2024.04.23"]
[Round "8"]
[White "N_I_Chess"]
[Black "mary-sanna"]
[Result "1-0"]
[WhiteElo "2379"]
[BlackElo "2249"]
[TimeControl "180+1"]
[EndTime "9:32:00 PDT"]
[Termination "N_I_Chess won by checkmate"]

1. d4 d5 2. c4 e6 3. Nc3 Nf6 4. cxd5 exd5 5. Bg5 Be7 6. Qc2 c6 7. e3 O-O 8. Bd3 h6 9. Bh4 Nbd7 10. Nge2 a5 11.
O-O Re8 12. f3 Nf8 13. Kh1 Ne6 14. Rad1 Nd7 15. Bf2 Bg5 16. Ng3 Bh4 17. Rfe1 Nef8 18. e4 dxe4 19. fxe4 Nf6 20. h3 Kh8 21. Bc4 Qc7 22. e5 Ng8 23. Nce4 Be6 24. Nd6 Bxc4 25. Qxc4 Ne6 26. Rf1 Ne7 27. Nxf7+ Kg8 28. Qxe6 Nd5 29.
Nxh6+ Kh7 30. Qf5+ Kxh6 31. Qh5# 1-0

[Event "Early-Titled-Tuesday-Blitz-April-23-2024"]
[Site "Chess.com"]
[Date "2024.04.23"]
[Round "8"]
[White "temiksmozg"]
[Black "Agibileg"]
[Result "1-0"]
[WhiteElo "2683"]
[BlackElo "2802"]
[TimeControl "180+1"]
[EndTime "9:32:01 PDT"]
[Termination "temiksmozg won on time"]

1. e4 c5 2. Nf3 e6 3. d4 cxd4 4.
Nxd4 Nc6 5. Bf4 Nf6 6. Nb5 e5 7. Bg5 d6 8. N1c3 a6 9. Na3 Be7 10. Bd3 b5 11. Bxf6 Bxf6 12. Nd5 Bg5 13. c3 O-O 14. Nc2 Ne7 15. Nce3 Bxe3 16. Nxe3 Bb7 17.
a4 d5 18. axb5 dxe4 19. bxa6 exd3 20. axb7 Rxa1 21. Qxa1 Qb6 22. Qa8 d2+ 23. Kxd2 Qxb2+ 24. Nc2 Nc6 25. Ra1 g6 26. Ra2 Qb1 27. Qc8 Rd8+ 28.
Ke3 Qc1+ 29. Kf3 Qd1+ 30. Kg3 h5 31. Ne3 Qd6 32. Ra6 e4+ 33. Kh3 Qd7+ 34. Qxd7 Rxd7 35.
Rxc6 Rxb7 36. c4 Rb2 37. Kg3 Kg7 38. h4 f5 39. f3 exf3 40. Kxf3 Kf7 41. g3 Rb3 42.
Rc7+ Ke6 43. c5 Rd3 44. c6 1-0

[Event "Early-Titled-Tuesday-Blitz-April-23-2024"]
[Site "Chess.com"]
[Date "2024.04.23"]
[Round "8"]
[White "AlphaGoosee"]
[Black "ImportedItalianMaple"]
[Result "1-0"]
[WhiteElo "2639"]
[BlackElo "2461"]
[TimeControl "180+1"]
[EndTime "9:32:01 PDT"]
[Termination "AlphaGoosee won on time"]

1. e4 g6 2. d4 Bg7 3. Nc3 d5 4. exd5 Nf6 5. Nf3 Nxd5 6. h4 Bg4 7. Bc4 e6 8. Bg5 f6 9. Be3 Nc6 10. Qe2 O-O 11. Bb3 Na5 12. Ba4 c6 13. Ne4 b5 14. Bb3 Nxb3 15. axb3 f5 16. Neg5 f4 17. Bd2 Qd7 18. Qe4 Bf5 19. Qe2 h6 20. Ne4 Rae8 21. Ne5 Qc7 22. c4 Bxe5 23. dxe5 Qxe5 24. f3 Ne3 25. Bxe3 fxe3 26. Qxe3 Bxe4 27. O-O Rf4 28. g3 Rxh4 29. Kg2 Qxb2+ 30. Qf2 Bxf3+ 31. Kxf3 Qxb3+ 32. Kg2 1-0

[Event "Early-Titled-Tuesday-Blitz-April-23-2024"]
[Site "Chess.com"]
[Date "2024.04.23"]
[Round "8"]
[White "DinaBelenkaya"]
[Black "Silent-Killer100"]
[Result "0-1"]
[WhiteElo "2428"]
[BlackElo "2602"]
[TimeControl "180+1"]
[EndTime "9:32:01 PDT"]
[Termination "Silent-Killer100 won by checkmate"]

1. e4 c5 2. Nc3 Nc6 3. Nf3 Nd4 4. Nxd4 cxd4 5. Ne2 e5 6. Ng3 d6 7. Bc4 g6 8. O-O Bg7 9. d3 Be6 10. Bb5+ Bd7 11. Bc4 Ne7 12. f4 f5 13. exf5 Nxf5 14. Nxf5 Bxf5 15. fxe5 dxe5 16. Rxf5 gxf5 17. Qh5+ Kd7 18.
Qxf5+ Kc7 19. Qf7+ Qd7 20. Qh5 Raf8 21. Bg5 Rf5 22.
Qh4 h6 23. Bd2 Rhf8 24. Qg3 Bf6 25. Bxh6 Rh8 26. Bd2 Bh4 27. Qg6 Rf2 28. Ba5+ b6 29.
Bb4 Rf6 30. Qe4 Bf2+ 31. Kf1 Be3+ 32. Ke1 Qf5 33. Qxf5 Rxf5 34. c3 Rxh2 35. cxd4 exd4 36.
Kd1 Rxg2 37. Be1 Rf1 38. b4 Rd2+ 39. Kc1 Rxe1# 0-1

[Event "Early-Titled-Tuesday-Blitz-April-23-2024"]
[Site "Chess.com"]
[Date "2024.04.23"]
[Round "8"]
[White "rikchessmx"]
[Black "cthulhuuu"]
[Result "1-0"]
[WhiteElo "2273"]
[BlackElo "2469"]
[TimeControl "180+1"]
[EndTime "9:32:01 PDT"]
[Termination "rikchessmx won on time"]

1. e4 d6 2. d4 Nf6 3. Nc3 c6 4. f3 b5 5. Be3 e5 6. Qd2 Be7 7. O-O-O Qc7 8. g4 O-O 9. g5 Nfd7 10. f4 a5 11. f5 f6 12. h4 Nb6 13. Qf2 b4 14. dxe5 bxc3 15. Bxb6 cxb2+ 16. Kb1 Qb7 17.
exd6 Bd8 18. Bc4+ Kh8 19. Bxd8 Rxd8 20. gxf6 gxf6 21. Nf3 Nd7 22. Rhg1 Nb6 23. Qd4 Rf8 24. Be6 Bd7 25. Ng5 c5 26. Qe3 Na4 27. Nxh7 Qb4 28.
Rg3 Bxe6 29. fxe6 Kxh7 30. Qf3 Nc3+ 31. Qxc3 Qxc3 32. Rxc3 a4 33. Rxc5 a3 34. e7 Rg8 35.
d7 Ra7 36. d8=Q Rxd8 37. exd8=Q Rg7 38. Rc7 1-0

[Event "Early-Titled-Tuesday-Blitz-April-23-2024"]
[Site "Chess.com"]
[Date "2024.04.23"]
[Round "8"]
[White "ilqar_74"]
[Black "HATilay"]
[Result "0-1"]
[WhiteElo "2747"]
[BlackElo "2655"]
[TimeControl "180+1"]
[EndTime "9:32:02 PDT"]
[Termination "HATilay won by checkmate"]

1. e4 e6 2. d4 d5 3. Nc3 Nf6 4.
e5 Ne4 5. Nxe4 dxe4 6. Bc4 c5 7. c3 Nc6 8. Ne2 cxd4 9. cxd4 Bb4+ 10. Bd2 Qb6 11. O-O O-O 12. Bc3 Na5 13. Bb3 Bd7 14. Bc2 Bc6 15. Ng3 Bxc3 16. bxc3 Qb2 17. Nh5 f5 18. exf6 g6 19. Qg4 Qxc2 20. Qxe6+ Rf7 21. Ng3 Qxc3 22. Rad1 Re8 23. Qd6 Nc4 24. Qc5 e3 25. d5 exf2+ 26. Rxf2 Bd7 27. Rdf1 b6 28. Qc7 Qd4 29. Kh1 Ne3 30. Re1 Ng4 31. Rff1 Nf2+ 32. Kg1 Nh3+ 33. Kh1 Qg1+ 34. Rxg1 Nf2# 0-1

[Event "Early-Titled-Tuesday-Blitz-April-23-2024"]
[Site "Chess.com"]
[Date "2024.04.23"]
[Round "8"]
[White "mbojan"]
[Black "EddieMarsalla"]
[Result "1-0"]
[WhiteElo "2927"]
[BlackElo "2665"]
[TimeControl "180+1"]
[EndTime "9:32:03 PDT"]
[Termination "mbojan won by resignation"]

1. a3 d5 2. h3 Bf5 3. g3 e6 4. Bg2 c6 5. b3 Nf6 6. Bb2 Nbd7 7. d3 a5 8. Nd2 Bc5 9. Ngf3 h6 10.
c4 O-O 11. O-O Re8 12. Ne5 Qc7 13. Nxd7 Nxd7 14. Kh2 Rad8 15. Rc1 Qb6 16. Kg1 Bd4 17.
Bxd4 Qxd4 18. Qc2 Nf6 19. Qc3 Qxc3 20. Rxc3 d4 21. Rc2 e5 22. Rd1 e4 23. dxe4 Nxe4 24. Nxe4 Bxe4 25. Rcd2 Bxg2 26. Kxg2 Rb8 27. Rxd4 Rxe2 28.
Rd8+ Rxd8 29. Rxd8+ Kh7 30. Rd7 b5 31. cxb5 cxb5 32.
Rxf7 Rb2 33. Rf3 Ra2 34. b4 a4 35. h4 Rb2 36. Kh3 Rb3 37. Kg4 Kg6 38. h5+ Kh7 39.
Kf4 g6 40. hxg6+ Kxg6 41. Ke4 Rb2 42. Kd4 Kg5 43. Kc5 Rb3 44. Re3 Rxe3 45. fxe3 Kg4 46. Kxb5 Kxg3 47. Kxa4 h5 48. b5 h4 49. b6 h3 50. b7 h2 51. b8=Q+ 1-0

[Event "Early-Titled-Tuesday-Blitz-April-23-2024"]
[Site "Chess.com"]
[Date "2024.04.23"]
[Round "8"]
[White "Kobalia"]
[Black "hakanazeri2"]
[Result "0-1"]
[WhiteElo "2776"]
[BlackElo "2555"]
[TimeControl "180+1"]
[EndTime "9:32:03 PDT"]
[Termination "hakanazeri2 won on time"]

1. d4 Nf6 2. Nf3 d5 3. Bf4 c5 4. e3 Nc6 5. c3 Qb6 6. Qb3 c4 7. Qc2 Bf5 8. Qc1 e6 9. Nh4 Be4 10. Nd2 Be7 11. Nxe4 Nxe4 12. Nf3 g5 13. Be5 f6 14. Bg3 h5 15. h4 g4 16. Ng1 Nxg3 17.
fxg3 Bd6 18. Ne2 Ne7 19. Nf4 Nf5 20. Kf2 Bxf4 21. gxf4 g3+ 22. Ke1 e5 23. Be2 O-O-O 24. fxe5 fxe5 25. Qd2 Qh6 26. dxe5 Nxe3 27. Bxh5 d4 28.
cxd4 Rxd4 29. Qe2 Re4 30. Qf3 Nc2+ 31. Kd1 Nxa1 32. Qxe4 Rd8+ 33. Ke2 Qxh5+ 0-1

[Event "Early-Titled-Tuesday-Blitz-April-23-2024"]
[Site "Chess.com"]
[Date "2024.04.23"]
[Round "8"]
[White "alvarorodriguezavila"]
[Black "lluiss"]
[Result "1-0"]
[WhiteElo "2341"]
[BlackElo "2127"]
[TimeControl "180+1"]
[EndTime "9:32:03 PDT"]
[Termination "alvarorodriguezavila won by checkmate"]

1. e4 c5 2. d4 cxd4 3. c3 dxc3 4.
Bc4 e6 5. Nf3 Nc6 6. O-O a6 7.
Nxc3 Bb4 8. Bg5 Nge7 9. Qe2 Bxc3 10. bxc3 O-O 11. Rfd1 Qc7 12. Bb3 d5 13. e5 h6 14.
Bf4 Ng6 15. Bg3 Rd8 16. Bc2 Nce7 17. Rac1 b5 18. Nd4 Bb7 19. Qg4 Nf8 20. h4 Kh8 21. h5 Rac8 22. Qf4 Kg8 23. Bb1 Bc6 24. Bh4 Be8 25.
Qg3 Kh8 26. Qd3 Rd7 27. Qe3 Nc6 28. f4 Nxd4 29. cxd4 Qb7 30. f5 Rdc7 31. Rxc7 Qxc7 32. f6 Qc3 33. fxg7+ Kxg7 34. Bf6+ Kg8 35. Qxh6 Qg3 36. Qh8# 1-0